 Dungeon Crawl Stone Soup version 0.28.0-53-g5a82cb258f (webtiles) character file.

Game seed: 12132010380977584190

94 styxcanada the Sneak (level 4, -3/23 HPs)
             Began as a Spriggan Brigand on Aug 15, 2022.
             Killed from afar by an orc wizard (7 damage)
             ... with a magic dart
             ... on level 3 of the Dungeon.
             The game lasted 00:08:03 (3228 turns).

styxcanada the Sneak (Spriggan Brigand)             Turns: 3228, Time: 00:08:03

Health: -3/23      AC:  3    Str:  7    XL:     4   Next: 38%
Magic:  5/5        EV: 18    Int: 12    God:
Gold:   131        SH:  0    Dex: 18    Spells: 2/4 levels left

rFire   . . .      SeeInvis +   a - +2 dagger
rCold   . . .      Faith    .   (no shield)
rNeg    . . .      Spirit   .   b - +0 robe
rPois   .          Reflect  .   (helmet restricted)
rElec   .          Harm     .   c - +0 cloak
rCorr   +          Rampage  .   (gloves unavailable)
Will    .....                   (boots unavailable)
Stlth   ++++......              (no amulet)
HPRegen 0.07/turn               h - ring of resist corrosion
MPRegen 0.09/turn               (no ring)

@: very quick
A: very small, no large weapons, unfitting armour, see invisible, speed 3
a: no special abilities


You were on level 3 of the Dungeon.
You visited 1 branch of the dungeon, and saw 3 of its levels.

You collected 131 gold pieces.

Inventory:

Hand Weapons
 a - a +2 dagger (weapon)
 l - a +0 hunting sling
Missiles
 d - 4 poisoned darts (quivered)
 e - 2 curare-tipped darts
 f - 72 stones
Armour
 b - a +0 robe (worn)
 c - a +0 cloak (worn)
Jewellery
 h - a ring of resist corrosion (left hand)
Scrolls
 k - a scroll of enchant weapon {unknown}
 m - a scroll of enchant armour {unknown}
 n - a scroll of torment {unknown}
Potions
 g - a potion of degeneration {unknown}
 i - a potion of curing {unknown}
 j - a potion of attraction {unknown}


   Skills:
 * Level 1.9 Fighting
 + Level 2.8 Short Blades
 + Level 2.0 Throwing
 * Level 2.8 Dodging
 * Level 6.8 Stealth
 * Level 0.6 Spellcasting
 * Level 0.2 Conjurations
 * Level 1.1 Air Magic


You had 2 spell levels left.
You knew the following spells:

 Your Spells              Type           Power      Damage    Failure   Level
a - Static Discharge      Conj/Air       2%         N/A       34%         2

Your spell library contained the following spells:

 Spells                   Type           Power      Damage    Failure   Level
 Lightning Bolt           Conj/Air       1%         1d12      100%        5
 Maxwell's Capacitive Co  Air            1%         ∞         100%        8


Dungeon Overview and Level Annotations

Branches:
Dungeon (3/15)

Altars:

Shops:
D:1 (


Innate Abilities, Weirdness & Mutations

You are very small and have problems with some larger weapons.
You are too small for most types of armour.
You have supernaturally acute eyesight. (SInv)
You cover ground extremely quickly. (Speed+++)


Message History

Press: ? - help, Q - select action, (/) - cycle Shift-Dir - straight line, f - gnoll
Aim: a gnoll, wielding a +0 flail (65% to hit)
You throw a poisoned dart.
The poisoned dart barely misses the gnoll.
Unknown command.
Throw: 5 darts (poison)
Press: ? - help, Q - select action, (/) - cycle Shift-Dir - straight line, f/p - gnoll
Aim: a gnoll, wielding a +0 flail (65% to hit)
You throw a poisoned dart. The poisoned dart hits the gnoll.
The gnoll is poisoned.
The gnoll misses you.
You hit the gnoll.
The gnoll is moderately wounded.
The gnoll hits you with a +0 flail.
You hit the gnoll.
The gnoll is moderately wounded.
You hit the gnoll.
The gnoll is severely wounded.
The gnoll closely misses you.
You hit the gnoll but do no damage.
The gnoll is severely wounded.
The gnoll closely misses you.
You closely miss the gnoll.
The gnoll is severely wounded.
The gnoll hits you with a +0 flail!
Ouch! That really hurt!
* * * LOW HITPOINT WARNING * * *
The kobold throws a stone.
The stone completely misses you.
You kill the gnoll!
You hit the kobold but do no damage. The kobold closely misses you.
You miss the kobold. The kobold barely misses you.
You hit the kobold.
The kobold is severely wounded.
The kobold hits you with a +0 whip.
* * * LOW HITPOINT WARNING * * *
You closely miss the kobold.
The kobold is severely wounded.
The orc wizard points at you and mumbles some strange words.
The magic dart hits you!
You die...

#. ### #. ..# #. #.# ##.##
#.# ####...####### #.#
#.?..#(.oo().# ######.#
#..†#####o###...##<# ##.##
#o##.....#.## #.#
#@##....)...# ##.##
#K##..............
#.g†#####g##.....#.#####..
#..#....o.(.g#####..#
#....#######..# .#.#
#.#.## #.#.#.##.# #...
#o##.# #.# #..# #.##.# #.#
.... #....o.....>.


You could see an orc wizard (invisible), an orc, a hobgoblin and a kobold.

Vanquished Creatures
  A gnoll (D:3)
  An adder (D:2)
  A worm (D:3)
  A dart slug (D:2)
  An orc (D:3)
  4 endoplasms
  8 goblins
  3 hobgoblins
  12 jackals
  3 quokkas
  5 ball pythons
  7 bats
  2 frilled lizards
  5 kobolds (D:1)
  8 rats
62 creatures vanquished.

Notes
Turn   | Place    | Note
-------+----------+-------------------------------------------
     0 | D:1      | styxcanada the Spriggan Brigand began the quest for the
                  | Orb.
     0 | D:1      | Reached XP level 1. HP: 10/10 MP: 2/2
   127 | D:1      | Reached skill level 6 in Stealth
   128 | D:1      | Found Jaic's Weapon Boutique.
   657 | D:1      | Reached XP level 2. HP: 14/14 MP: 3/3
  1143 | D:1      | Reached XP level 3. HP: 18/18 MP: 4/4
  1530 | D:1      | Learned a level 2 spell: Static Discharge
  1757 | D:1      | Found a faded altar of an unknown god.
  2775 | D:2      | Reached XP level 4. HP: 23/23 MP: 5/5
  2964 | D:2      | Reached skill level 1 in Air Magic
  3228 | D:3      | Killed from afar by an orc wizard

Illustrated notes

Levels and vault maps discovered:
D:1:      dpeg_arrival_arbitrary_c, layout_basic,
          shapermc_ecumenical_altar_petra, serial_shops,
          nicolae_shop_statue_plus, serial_rivers,
          chequers_serial_rivers_room_a, chequers_serial_rivers_small_b,
          chequers_serial_rivers_small_3, chequers_serial_rivers_large_a
D:2:      layout_loops_ring, kennysheep_decorative_pillar, st_stairs_14,
          chequers_jeans, grunt_ministairs_7
D:3:      layout_loops_ring, gammafunk_temple_overflow_forgotten

Skill      XL: |  1  2  3  4 |
---------------+-------------+-----
Stealth        | 6 |  6.8
Dodging        | 2 |  2.8
Air Magic      | 1 |  1.1
Fighting       | |  1.9
Short Blades   | |  2.8
Throwing       | |  2.0
Spellcasting   | |  0.6
Conjurations   | |  0.2

Action                   |  1- 3 |  4- 6 || total
-------------------------+-------+-------++-------
Melee: Dagger            |   201 |    24 ||   225
       Punch             |     1 |       ||     1
Throw: Dart              |     4 |    10 ||    14
 Stab: Sleeping          |    13 |     2 ||    15
Armor: Robe              |    26 |     2 ||    28
Dodge: Dodged            |   167 |    14 ||   181
